 Dungeon Crawl Stone Soup version 0.31-a0-638-g26219f7 (webtiles) character file.

Game seed: 10566031859114161369

49 BarneyGumball the Shooter (level 4, -4/26 HPs)
             Began as a Kobold Hunter on Aug 26, 2023.
             Killed from afar by a white imp (14 damage)
             ... with a puff of frost
             ... on level 3 of the Dungeon.
             The game lasted 00:04:25 (1646 turns).

BarneyGumball the Shooter (Kobold Hunter)           Turns: 1646, Time: 00:04:25

Health: -4/26      AC:  3    Str:  8    XL:     4   Next: 2%
Magic:  4/4        EV: 14    Int: 10    God:
Gold:   101        SH:  0    Dex: 20    Spells: 3/3 levels left

rFire   . . .        a - +0 shortbow
rCold   . . .        (shield currently unavailable)
rNeg    . . .        c - +0 leather armour
rPois   .            (no helmet)
rElec   .            (no cloak)
rCorr   .            (no gloves)
SInv    .            (no boots)
Will    .....        (no amulet)
Stlth   ++++         (no ring)
HPRegen 0.24/turn    (no ring)
MPRegen 0.09/turn

%: no passive effects
@: no status effects
A: small, no large weapons, nightstalker 3
a: no special abilities


You were on level 3 of the Dungeon.
You visited 1 branch of the dungeon, and saw 3 of its levels.

You collected 101 gold pieces.

Inventory:

Hand Weapons
 a - a +0 shortbow (weapon)
Armour
 c - a +0 leather armour (worn)
Jewellery
 i - an amulet of the acrobat
Scrolls
 b - a scroll of butterflies
 e - a scroll of fog {unknown}
 h - 2 scrolls of identify {unknown}
 n - a scroll of immolation {unknown}
Potions
 d - a potion of lignification {unknown}
 f - a potion of cancellation {unknown}
 g - 4 potions of degeneration {unknown}
 j - 2 potions of curing {unknown}
 k - a potion of attraction {unknown}
 l - a potion of heal wounds {unknown}
 m - a potion of haste {unknown}


   Skills:
 - Level 2.1 Fighting
 + Level 6.2 Ranged Weapons
 - Level 2.4 Dodging
 + Level 3.6 Stealth


You had 3 spell levels left.
You didn't know any spells.
Your spell library contained the following spells:

 Spells                   Type           Power      Damage    Failure   Level
 Ozocubu's Armour         Ice            0%         N/A       86%         3
 Metabolic Englaciation   Hex/Ice        0%         N/A       100%        5
 Simulacrum               Ice/Necr       0%         N/A       100%        6


Dungeon Overview and Level Annotations

Branches:
Dungeon (3/15)

Altars:


Innate Abilities, Weirdness & Mutations

You are small and have problems with some larger weapons.
You are completely attuned to the shadows.


Message History

Fire: a) +0 shortbow
Press: ? - help, Q - select action Shift-Dir - straight line, f/p - white imp
Aim: a white imp (66% to hit)
You shoot an arrow. The arrow hits the white imp.
The white imp is lightly wounded.
The white imp gestures at you. The puff of frost hits you!
Fire: a) +0 shortbow
Press: ? - help, Q - select action Shift-Dir - straight line, f/p - white imp
Aim: a white imp (lightly wounded, 66% to hit)
You shoot an arrow. The arrow hits the white imp.
The white imp is moderately wounded.
The white imp closely misses you.
Fire: a) +0 shortbow
Press: ? - help, Q - select action Shift-Dir - straight line, f/p - white imp
Aim: a white imp (moderately wounded, 66% to hit)
You shoot an arrow. The arrow hits the white imp.
The white imp is moderately wounded.
The white imp hits you. The white imp freezes you.
Fire: a) +0 shortbow
Press: ? - help, Q - select action Shift-Dir - straight line, f/p - white imp
Aim: a white imp (moderately wounded, 66% to hit)
You shoot an arrow. The arrow hits the white imp.
The white imp is almost dead.
The white imp misses you. x2
Fire: a) +0 shortbow
Press: ? - help, Q - select action Shift-Dir - straight line, f/p - white imp
Aim: a white imp (almost dead, 66% to hit)
You shoot an arrow.
The arrow hits the white imp but does no damage.
The white imp is almost dead.
The white imp misses you.
Fire: a) +0 shortbow
Press: ? - help, Q - select action Shift-Dir - straight line, f/p - white imp
Aim: a white imp (almost dead, 66% to hit)
You shoot an arrow. The arrow closely misses the white imp.
The white imp gestures at you. The puff of frost hits you!
Ouch! That really hurt!
You die...

###.#.#<....
..#.......##
......##.##
#.#.(......
#.##.#..###.#..
#.##.#..###.#..
#.##.#......#
###.##.##.#####
#.@....†..#
#5#.##....#
#.#.##.....<
..#..†.......
......#.......


You could see a white imp.

Vanquished Creatures
  2 adders
  A worm (D:2)
  3 endoplasms
  2 giant cockroaches (D:1)
  3 goblins (D:1)
  A hobgoblin (D:1)
  4 quokkas
  3 ball pythons (D:1)
  A bat (D:3)
  2 kobolds
  7 rats
29 creatures vanquished.

Notes
Turn   | Place    | Note
-------+----------+-------------------------------------------
     0 | D:1      | BarneyGumball the Kobold Hunter began the quest for the
                  | Orb.
     0 | D:1      | Reached XP level 1. HP: 12/12 MP: 1/1
   270 | D:1      | Reached XP level 2. HP: 17/17 MP: 2/2
   823 | D:2      | Reached XP level 3. HP: 21/21 MP: 3/3
   965 | D:2      | Reached skill level 6 in Ranged Weapons
  1612 | D:3      | Reached XP level 4. HP: 22/26 MP: 4/4
  1646 | D:3      | Killed from afar by a white imp

Illustrated notes

Levels and vault maps discovered:
D:1:      dpeg_arrival_circle_labyrinth_c, layout_rooms,
          chequers_serial_rivers_small_b
D:2:      layout_loops_ring, glass_columns_a, minmay_misc_feat_pillars,
          minmay_domino_2
D:3:      layout_loops_cross, nicolae_vehumet_altar_sigil,
          kennysheep_vampire_church, minmay_fractal_squares_5

Skill      XL: |  1  2  3 |
---------------+----------+-----
Stealth        | 2 3 |  3.6
Ranged Weapons | 6 |  6.2
Fighting       | |  2.1
Dodging        | |  2.4

Action                     |  1- 3 |  4- 6 || total
---------------------------+-------+-------++-------
   Fire: Shortbow          |    69 |     8 ||    77
 Armour: Leather armour    |     1 |       ||     1
  Dodge: Dodged            |    11 |     4 ||    15

Table legend: (Time is in decaauts)
 A = Elapsed time spent in this place.
 B = Non-inter-level travel time spent in this place.
 C = Inter-level travel time spent in this place.
 D = Time resting spent in this place.
 E = Time spent auto-exploring this place.
 F = Levels seen in this place.
 G = Mean time per level.
                   A        B        C        D        E       F      G
               +--------+--------+--------+--------+--------+-----+--------+
         Total |   1660 |   1547 |    113 |      0 |   1348 |   3 |  553.3 |
       Dungeon |   1660 |   1547 |    113 |      0 |   1348 |   3 |  553.3 |
               +--------+--------+--------+--------+--------+-----+--------+

Top non-repeatable levels by time:
     D:1: 809 daAuts
     D:2: 797 daAuts
     D:3: 53 daAuts
